 Dungeon Crawl Stone Soup version 0.27-a0-633-gc6addc0a40 (webtiles) character file.

Game seed: 5396746357668758064

172 pkoi the Slasher (level 5, -11/45 HPs)
             Began as a Minotaur Gladiator on Mar 14, 2021.
             Was a Follower of Makhleb.
             Killed by nerve-wracking pain
             ... invoked by Grinder
              (14 damage)
             ... on level 3 of the Dungeon.
             The game lasted 00:02:14 (2042 turns).

pkoi the Slasher (Minotaur Gladiator)               Turns: 2042, Time: 00:02:15

Health: -11/45     AC:  9    Str: 20    XL:     5   Next: 27%
Magic:  4/4        EV: 13    Int:  5    God:    Makhleb [*.....]
Gold:   111        SH:  0    Dex: 17    Spells: 4/4 levels left

rFire    . . .     SeeInvis .   a - +0 long sword
rCold    . . .     Faith    .   (no shield)
rNeg     . . .     Spirit   .   b - +0 leather armour
rPois    .         Reflect  .   c - +0 hat
rElec    .         Harm     .   k - +0 cloak
rCorr    .         Rampage  .   (no gloves)
Will     .....                  j - +0 pair of boots
Stlth    +.........             (no amulet)
HPRegen  0.15/turn              g - +4 ring of protection
MPRegen  0.09/turn              m - +6 ring of dexterity

@: hasted, very quick
A: horns 2, retaliatory headbutt
a: Renounce Religion


You were on level 3 of the Dungeon.
You worshipped Makhleb.
Makhleb was aware of your devotion.
You visited 1 branch of the dungeon, and saw 3 of its levels.

You collected 111 gold pieces.

Inventory:

Hand Weapons
 a - a +0 long sword (weapon)
Missiles
 d - 3 throwing nets (quivered)
Armour
 b - a +0 leather armour (worn)
 c - a +0 hat (worn)
 j - a +0 pair of boots (worn)
 k - a +0 cloak (worn)
Jewellery
 g - a +4 ring of protection (right hand)
 h - a ring of ice
 l - a ring of fire
 m - a +6 ring of dexterity (left hand)
Wands
 t - a wand of flame (17)
Scrolls
 f - 5 scrolls of identify {unknown}
 o - 2 scrolls of fog {unknown}
 q - 3 scrolls of teleportation {unknown}
 s - a scroll of enchant armour {unknown}
 u - a scroll of blinking {unknown}
Potions
 i - 2 potions of curing {unknown}
 n - a potion of resistance {unknown}
 p - a potion of ambrosia {unknown}
 r - a potion of heal wounds {unknown}


   Skills:
 + Level 3.0 Fighting
 + Level 6.1 Long Blades
 - Level 2.0 Throwing
 + Level 1.5 Armour
 + Level 3.7 Dodging
 + Level 1.3 Invocations


You had 4 spell levels left.
You didn't know any spells.
Your spell library was empty.

Dungeon Overview and Level Annotations

Branches:
Dungeon (3/15)

Altars:
Makhleb
Ru

Annotations:
D:3 Grinder


Innate Abilities, Weirdness & Mutations

You have a pair of horns on your head.
You reflexively headbutt those who attack you in melee.


Message History

You shrug off the repeated paralysis!
You can move again.
You completely miss Grinder.
Grinder is moderately wounded.
Grinder gestures at you. Pain shoots through your body!
Unknown command.
Unknown command.
Unknown command.
Unknown command.
Unknown command.
Unknown command.
Unknown command.
You barely miss Grinder. You headbutt Grinder, but do no damage.
Grinder is moderately wounded.
Grinder gestures at you.
You barely resist. You barely miss Grinder.
Grinder is moderately wounded.
Grinder hits you but does no damage.
Unknown command.
It was a potion of haste.
You feel yourself speed up. Grinder gestures at you.
You resist with significant effort.
You barely miss Grinder. Your headbutt misses Grinder.
Grinder is moderately wounded.
You barely miss Grinder. Your headbutt misses Grinder.
Grinder is moderately wounded.
Grinder closely misses you.
You riposte.
You slash Grinder! You headbutt Grinder.
Grinder is heavily wounded.
You hit Grinder but do no damage. You headbutt Grinder!
Grinder is severely wounded.
Grinder blinks!
Grinder gestures at you. Pain shoots through your body!
* * * LOW HITPOINT WARNING * * *
Grinder gestures at you. Pain shoots through your body!
You die...

#.#. ###########
######.#. #.........#
#....#.#. #.........#
#....#.#.
#.........####....#.#.
#.........+.......#.##
#.........####....#.#
#.........#.......#.##
#....@....#.#.#+#.#...
#......)..#.#.#.#.###.
#......†..#.###.#.....
######5.###.......)...
###....#..#...†....
#..............†....
###.##..##.###......
#............>....
#.................


You could see Grinder.

Vanquished Creatures
  Jessica (D:3)
  3 gnolls (D:2)
  5 adders
  2 oozes (D:2)
  A dart slug (D:1)
  2 leopard geckos
  6 bats
  7 goblins
  3 hobgoblins
  8 jackals
  8 kobolds
  5 quokkas
  2 ball pythons (D:3)
  4 frilled lizards
  3 rats
60 creatures vanquished.

Notes
Turn   | Place    | Note
-------+----------+-------------------------------------------
     0 | D:1      | pkoi the Minotaur Gladiator began the quest for the Orb.
     0 | D:1      | Reached XP level 1. HP: 18/18 MP: 0/0
    59 | D:1      | Reached skill level 4 in Long Blades
   100 | D:1      | Reached XP level 2. HP: 22/25 MP: 1/1
   619 | D:1      | Reached skill level 5 in Long Blades
   896 | D:2      | Reached XP level 3. HP: 30/30 MP: 2/2
   976 | D:2      | Found a burning altar of Makhleb.
   993 | D:2      | Became a worshipper of Makhleb the Destroyer
  1026 | D:2      | Reached XP level 4. HP: 35/37 MP: 3/3
  1071 | D:2      | Found a sacrificial altar of Ru.
  1494 | D:2      | Reached skill level 6 in Long Blades
  1510 | D:2      | Reached skill level 1 in Armour
  1718 | D:3      | Noticed Jessica
  1722 | D:3      | Killed Jessica
  1734 | D:3      | Reached skill level 1 in Invocations
  1734 | D:3      | Reached XP level 5. HP: 40/44 MP: 4/4
  1924 | D:3      | Reached * piety under Makhleb
  2020 | D:3      | Noticed Grinder
  2027 | D:3      | Paralysed by Grinder for 5 turns
  2042 | D:3      | Killed from afar by Grinder

Illustrated notes

Levels and vault maps discovered:
D:1:      nicolae_arrival_washed_ashore, layout_basic
D:2:      layout_loops_corners, overflow_temple_1_default, bloody_makhleb
D:3:      layout_basic, lemuel_old_faithful, uniq_jessica, uniq_grinder,
          uniq_natasha

Skill      XL: |  1  2  3  4  5 |
---------------+----------------+-----
Long Blades    | 4 5 6 |  6.1
Armour         | 1 |  1.5
Invocations    | 1 |  1.3
Fighting       | 3 |  3.0
Throwing       | |  2.0
Dodging        | |  3.7

Action                   |  1- 3 |  4- 6 || total
-------------------------+-------+-------++-------
Melee: Long sword        |    49 |    56 ||   105
       Headbutt          |     9 |    15 ||    24
  Use: Potion            |       |     1 ||     1
 Stab: Sleeping          |     2 |     1 ||     3
Armor: Leather armour    |    15 |    23 ||    38
Dodge: Dodged            |    44 |    46 ||    90
       Rpst.: Long sword |    16 |    11 ||    27

Table legend: (Time is in decaauts)
 A = Elapsed time spent in this place.
 B = Non-inter-level travel time spent in this place.
 C = Inter-level travel time spent in this place.
 D = Time resting spent in this place.
 E = Time spent auto-exploring this place.
 F = Levels seen in this place.
 G = Mean time per level.
                   A        B        C        D        E       F      G
               +--------+--------+--------+--------+--------+-----+--------+
         Total |   2051 |   1951 |    100 |      0 |   1621 |   3 |  683.7 |
       Dungeon |   2051 |   1951 |    100 |      0 |   1621 |   3 |  683.7 |
               +--------+--------+--------+--------+--------+-----+--------+

Top non-repeatable levels by time:
     D:2: 907 daAuts
     D:1: 817 daAuts
     D:3: 327 daAuts
